 Dungeon Crawl Stone Soup version 0.18-a0-1694-g9f731c2 (webtiles) character file.

1763 Eucla the Nimble (level 8, -2/67 HPs)
             Began as a Spriggan Gladiator on Apr 5, 2016.
             Was an Initiate of Okawaru.
             Slain by Eucla's ghost (6 damage)
             ... on level 7 of the Dungeon.
             The game lasted 00:10:46 (7083 turns).

Eucla the Nimble (Spriggan Gladiator)               Turns: 7083, Time: 00:10:47

Health: -2/67      AC: 24    Str: 13    XL:     8   Next: 79%
Magic:  6/9        EV:  4    Int: 10    God:    Okawaru [......]
Gold:   333        SH:  0    Dex: 16    Spells: 0 memorised, 7 levels left

rFire  + . .     SeeInvis +     a - +0 trident
rCold  + . .     Gourm    .     (armour currently unavailable)
rNeg   + + +     Faith    .     (shield currently unavailable)
rPois  +         Spirit   .     (helmet currently unavailable)
rElec  +         Dismiss  .     (cloak currently unavailable)
rCorr  +         Reflect  .     (gloves unavailable)
SustAt .         Harm     .     (boots unavailable)
MR     ++...     NoTele   +     (no amulet)
Stlth  ++++......               B - ring of protection from magic
                                e - +4 ring of evasion

@: tree-form, resistant, heroism, very resistant to hostile enchantments,
stealthy
A: unfitting armour, see invisible, herbivore 3, (speed 0), slow metabolism 2
a: Renounce Religion


You were on level 7 of the Dungeon.
You worshipped Okawaru.
Okawaru was noncommittal.
You were not hungry.
You were a tree.
You visited 1 branch of the dungeon, and saw 7 of its levels.

You collected 333 gold pieces.

Inventory:

Hand Weapons
 a - a +0 trident (weapon)
 w - a +0 glaive
 x - a +2 vampiric spear
Missiles
 d - 5 throwing nets (quivered)
Armour
 b - a +0 robe (melded)
 c - a +0 hat
 g - a +1 hat (melded)
Jewellery
 e - a +4 ring of evasion (left branch)
 h - an uncursed ring of flight
 B - a ring of protection from magic (right branch)
Scrolls
 f - a scroll of enchant armour {unknown}
 i - a scroll of immolation {unknown}
 j - 7 scrolls of identify {unknown}
 l - 2 scrolls of remove curse {unknown}
 m - 5 scrolls of teleportation {unknown}
 o - a scroll of blinking {unknown}
 q - 2 scrolls of fear {unknown}
 u - 3 scrolls of amnesia {unknown}
 v - 4 scrolls of recharging {unknown}
 A - 2 scrolls of enchant weapon {unknown}
 D - a scroll of random uselessness {unknown}
 E - a scroll of summoning {unknown}
Potions
 n - a potion of resistance
Books
 y - a book of Party Tricks

   Spells                             Type                      Level
   a - Summon Butterflies             Summoning                    1
   b - Apportation                    Translocation                1
   c - Tukima's Dance                 Hexes                        3
   d - Alistair's Intoxication        Transmutation/Poison         5
   e - Invisibility                   Hexes                        6
 z - a book of Maledictions

   Spells                             Type                      Level
   a - Corona                         Hexes                        1
   b - Ensorcelled Hibernation        Hexes/Ice                    2
   c - Confuse                        Hexes                        3
   d - Tukima's Dance                 Hexes                        3
   e - Dazzling Spray                 Conjuration/Hexes            3
Comestibles
 p - a slice of pizza
 r - a royal jelly
 s - 4 bread rations


   Skills:
 * Level 6.7(11.7) Fighting
 + Level 4.8(9.8) Polearms
 - Level 2.0(7.0) Throwing
 + Level 9.5(14.5) Dodging


You had 7 spell levels left.
You didn't know any spells.

Dungeon Overview and Level Annotations

Branches:
Dungeon (7/15)             Temple (0/1) D:7

Altars:
Dithmenos
Gozag
Kikubaaqudgha
Okawaru
Sif Muna
Trog

Shops:
D:4 *

Annotations:
D:7 Eucla's ghost, novice SpGl; Prince Ribbit


Innate Abilities, Weirdness & Mutations

You are tiny and cannot use many weapons and most armour.
You have supernaturally acute eyesight.
You are a herbivore.
((You cover ground extremely quickly.))
You need consume almost no food.


Message History

The adder skeleton bites you but does no damage.
Eucla's ghost hits you.
* * * LOW HITPOINT WARNING * * *
Unknown command.
You completely miss Eucla's ghost.
Eucla's ghost is lightly damaged.
The adder skeleton bites you but does no damage.
Eucla's ghost barely misses you.
The adder skeleton bites you but does no damage.
Unknown command.
You gain the combat prowess of a mighty hero.
You feel slightly more hungry.
You can no longer gain great but temporary skills.
Eucla's ghost hits you but does no damage.
The adder skeleton bites you but does no damage.
Unknown command.
You miss Eucla's ghost.
Eucla's ghost is lightly damaged.
Eucla's ghost hits you.
You die...

....## #(#.#
#Z######.... ###
#.###..#
#.##........
#.#.###
####.##.###..#
#.##
#.Z..ZZ...%..# #.#
###.#####.####...
#†# #Z........#
#######.##
#Z#.#####.#
##.......# #W#.#
#Z# .#.####..#
#♣#.# #Z#
)..###...#####
#Z#.. #.#
..............
...(......)'.....
...##....###
##.###...#.##....>
.#.##.#..#
#.......... <...
##.......# ###.#.#
##. ..> #####.####
# #. .# .. #.# #
.# ' #####.# .#


You could see Eucla's ghost, a jackal zombie, a hound zombie and an adder
skeleton.

Vanquished Creatures
  The ghost of Eucla the Ducker, an amateur SpGl (D:5)
  Edmund (D:4)
  A water moccasin (D:6)
  A sky beast (D:5)
  3 phantoms
  An ogre (D:3)
  5 giant frogs
  2 scorpions (D:5)
  A crimson imp (D:3)
  A hound (D:5)
  An orc priest (D:3)
  4 worker ants
  A hound zombie (D:6)
  2 hound skeletons
  13 gnolls
  6 adders
  4 oozes
  3 worms
  A dart slug (D:3)
  5 giant geckos
  8 orcs
  7 giant cockroaches
  13 hobgoblins
  13 jackals
  11 kobolds
  A quokka (D:3)
  4 ball pythons
  3 bats
  A giant gecko zombie (D:6)
  5 giant newts
  10 goblins
  10 rats
143 creatures vanquished.

Notes
Turn   | Place    | Note
--------------------------------------------------------------
     0 | D:1      | Eucla the Spriggan Gladiator began the quest for the Orb.
     0 | D:1      | Reached XP level 1. HP: 10/10 MP: 2/2
   483 | D:1      | Reached XP level 2. HP: 13/15 MP: 3/3
   754 | D:1      | Reached skill level 5 in Dodging
   837 | D:1      | Reached XP level 3. HP: 11/18 MP: 4/4
  1278 | D:2      | Reached XP level 4. HP: 12/23 MP: 5/5
  2322 | D:3      | Reached XP level 5. HP: 25/28 MP: 6/6
  2640 | D:3      | Found a shadowy altar of Dithmenos.
  3232 | D:3      | Reached skill level 6 in Dodging
  3332 | D:3      | Reached XP level 6. HP: 18/33 MP: 7/7
  3880 | D:4      | Reached skill level 7 in Dodging
  4104 | D:4      | Found an ancient bone altar of Kikubaaqudgha.
  4149 | D:4      | Found Gozag's Platinum Reserve.
  4158 | D:4      | Found an opulent altar of Gozag.
  4281 | D:4      | Reached XP level 7. HP: 31/38 MP: 8/8
  4365 | D:4      | Noticed Edmund
  4420 | D:4      | Killed Edmund
  4597 | D:5      | Entered Level 5 of the Dungeon
  4607 | D:5      | Found a bloodstained altar of Trog.
  4661 | D:5      | Reached skill level 5 in Fighting
  4837 | D:5      | Noticed Eucla's ghost (amateur SpGl)
  5234 | D:5      | Reached skill level 8 in Dodging
  5350 | D:5      | Killed Eucla's ghost
  5350 | D:5      | Reached XP level 8. HP: 44/44 MP: 9/9
  5560 | D:5      | Found an iron altar of Okawaru.
  5744 | D:5      | Became a worshipper of Warmaster Okawaru
  6231 | D:6      | Found a deep blue altar of Sif Muna.
  6640 | D:6      | Reached skill level 9 in Dodging
  6811 | D:7      | Noticed Prince Ribbit
  6940 | D:7      | HP: 1/45 [phantom (10)]
  6967 | D:7      | Reached * piety under Okawaru
  6999 | D:7      | Found a staircase to the Ecumenical Temple.
  7039 | D:7      | Noticed Eucla's ghost (novice SpGl)
  7049 | D:7      | HP: 1/45 [Eucla's ghost (11)]
  7080 | D:7      | HP: 3/67 [Eucla's ghost (6)]
  7083 | D:7      | Slain by Eucla's ghost

Vault maps used:
D:1:      dpeg_arrival_erosion, serial_corexii_hall, corexii_hall_statues_t,
          corexii_hall_statues_i
D:3:      overflow_temple_1_default, first_bread, hangedman_glass_teeth,
          minmay_mini_jars
D:4:      nicolae_gozag_zags_fifth_avenue, overflow_temple_1_default,
          uniq_edmund
D:5:      lemuel_coloured_pillars_altar, minmay_stone_trees_medium,
          hangedman_abyss_or_decor_stagger, bloody_trog
D:6:      lemuel_blue_sif_altar
D:7:      grunt_temple_overflow_open, nicolae_qazlal_style_of_elements,
          minmay_temple_entry_grid, uniq_pikel, uniq_prince_ribbit1

Skill      XL: |  1  2  3  4  5  6  7  8 |
---------------+-------------------------+-----
Fighting       | 2 3 4 5 6 |  6.7
Dodging        | 5 6 7 8 9 |  9.5
Polearms       | 3 4 |  4.8
Throwing       | |  2.0

Action                   |  1- 3 |  4- 6 |  7- 9 || total
-------------------------+-------+-------+-------++-------
Melee: Trident           |   136 |   320 |   358 ||   814
Invok: Heroism           |       |       |     2 ||     2
  Use: Potion            |     1 |       |     9 ||    10
 Stab: Sleeping          |     1 |     6 |     2 ||     9
       Distracted        |       |     1 |       ||     1
  Eat: Bread ration      |       |     1 |       ||     1
